 Dungeon Crawl Stone Soup version 0.26-a0-651-gb41185065b (webtiles) character file.

Game seed: 5478836325283566875

(classic levelgen) 788 EnegeticOcto the Cleaver (level 7, 0/63 HPs)
             Began as a Deep Dwarf Fighter on Oct 23, 2020.
             Was an Initiate of Ru.
             Slain by a hornet (8 damage)
             ... on level 6 of the Dungeon.
             The game lasted 00:04:49 (936 turns).

EnegeticOcto the Cleaver (Deep Dwarf Fighter)        Turns: 936, Time: 00:04:49

Health: 0/63       AC:  6    Str: 20    XL:     7   Next: 56%
Magic:  5/5        EV:  7    Int: 10    God:    Ru [......]
Gold:   86         SH:  9    Dex: 12    Spells: 10/10 levels left

rFire    . . .     SeeInvis .   a - +0 war axe
rCold    . . .     Faith    .   c - +0 kite shield
rNeg     . . .     Spirit   .   b - +0 scale mail
rPois    .         Reflect  .   (no helmet)
rElec    .         Harm     .   (no cloak)
rCorr    .         Rampage  .   (no gloves)
MR       +....                  (no boots)
Stlth    ..........             (no amulet)
HPRegen  0.00/turn              (no ring)
MPRegen  0.09/turn              (no ring)

@: lethally poisoned (0 -> 0), non-regenerating, slowed, very slow
A: damage resistance, heal wounds, sense surroundings 1, no regeneration
a: Heal Wounds, Renounce Religion


You were on level 6 of the Dungeon.
You worshipped Ru.
Ru was noncommittal.
You visited 2 branches of the dungeon, and saw 7 of its levels.
You also visited: Ossuary.

You collected 86 gold pieces.

Inventory:

Hand Weapons
 a - a +0 war axe (weapon)
Missiles
 j - 8 curare-tipped darts (quivered)
Armour
 b - a +0 scale mail (worn)
 c - a +0 kite shield (worn)
Wands
 l - a wand of disintegration (2)
 q - a wand of random effects (17)
Scrolls
 g - 2 scrolls of fear {unknown}
 h - 2 scrolls of immolation {unknown}
 i - 2 scrolls of identify {@r1}
 m - a scroll of teleportation {unknown}
 n - a scroll of remove curse {unknown}
Potions
 d - 2 potions of might {@q3}
 e - 6 potions of heal wounds {@q2}
 f - a potion of invisibility {unknown}
 k - 2 potions of curing {unknown}
 o - a potion of flight {unknown}
 p - a potion of berserk rage {unknown}


   Skills:
 + Level 3.7 Fighting
 * Level 8.4 Axes
 - Level 3.2 Armour
 - Level 3.2 Shields
 + Level 2.1 Spellcasting


You had 10 spell levels left.
You didn't know any spells.
Your spell library was empty.

Dungeon Overview and Level Annotations

Branches:
Dungeon (6/15)             Temple (1/1) D:5         Ossuary (visited)

Altars:
Cheibriados
Dithmenos
Fedhas
Kikubaaqudgha
Ru
Trog
Uskayaw
Vehumet
Yredelemnul
Zin
The Shining One


Innate Abilities, Weirdness & Mutations

You are resistant to damage.
You can heal yourself by infusing magical energy.
You passively map a small area around you.
You do not regenerate.


Message History

You slash the adder!
You kill the adder!
You closely miss something. You block something's attack.
Something hits you but does no damage.
No target in view!
No target in view!
No target in view!
No target in view!
No target in view!
You feel much better. You block something's attack.
You closely miss something. Something hits you but does no damage.
You miss something. Something hits you. Something shocks you.
You closely miss something. Something hits you. Something shocks you.
Your shield prevents you from hitting something.
You block something's attack.
You closely miss something. Something hits you but does no damage.
You hit something.
Something hits you but does no damage. x2
Your shield prevents you from hitting something.
A sky beast appears from thin air!
Reactivating autopickup.
You block the sky beast's attack.
You slash the sky beast!
You kill the sky beast!
Your Spellcasting skill increases to level 2!
You see here a sky beast corpse.
There is an open door here.
There is a shaft here.
A hornet comes into view.
The hornet buzzes angrily.
Found 11 gold pieces.
The hornet stings you.
You feel yourself slow down.
You feel much better. The hornet stings you.
You feel as though you will be slow longer.
The hornet stings you.
You suddenly lose the ability to move!
The hornet stings you but does no damage.
You can move again.
You slash the hornet!
The hornet is moderately wounded.
The hornet stings you but does no damage.
The hornet stings you.
You feel as though you will be slow longer.
You slash the hornet!
The hornet is severely wounded.
The hornet stings you!
You feel as though you will be slow longer.
You block the hornet's attack. x2
You completely miss the hornet.
The hornet is severely wounded.
You block the hornet's attack.
The hornet stings you but does no damage.
The hornet completely misses you.
You closely miss the hornet.
The hornet is severely wounded.
You are no longer poisoned.
The hornet stings you!
You feel as though you will be slow longer.
The hornet barely misses you.
You miss the hornet.
The hornet is heavily wounded.
The hornet stings you!
You feel as though you will be slow longer.
The hornet stings you!
You feel as though you will be slow longer.
You block the hornet's attack.
You hit the hornet.
The hornet is heavily wounded.
The hornet stings you but does no damage.
You block the hornet's attack.
You hit the hornet.
The hornet is severely wounded.
The hornet stings you but does no damage.
You block the hornet's attack.
The hornet stings you but does no damage.
You hit the hornet but do no damage.
The hornet is severely wounded.
The hornet stings you!
You are poisoned.
You feel as though you will be slow longer.
The hornet stings you!
* * * LOW HITPOINT WARNING * * *
You feel as though you will be slow longer.
You are too injured to fight recklessly!
You are too injured to fight recklessly!
You are too injured to fight recklessly!
You are too injured to fight recklessly!
You are too injured to fight recklessly!
You are too injured to fight recklessly!
You are too injured to fight recklessly!
You hit the hornet.
The hornet is severely wounded.
The hornet stings you.
You feel as though you will be slow longer.
The hornet stings you.
* * * LOW HITPOINT WARNING * * *
You feel as though you will be slow longer.
The hornet stings you!
* * * LOW HITPOINT WARNING * * *
You feel as though you will be slow longer.
You fail to use your ability.
The hornet stings you!
You die...

#.......##....#
, ,*#.†.).#
#....# * #†.†#*
###..# ,
,####'########.#
*#...^.........#
*
#..........†..#
*
#.............#
#.########+####
#@.# ** , * *
#.y..# ** *
#....#* , ,
#.....#, * *
*##....# , ....#
##$.#* #.# * , ,


You could see a hornet.

Vanquished Creatures
  A wraith (Ossuary)
  A soldier ant (D:6)
  A sky beast (D:6)
  An ice beast (D:6)
  An ogre (D:5)
  A centaur (D:5)
  A scorpion (D:5)
  2 hounds
  A jelly (D:6)
  3 adders
  A white imp (D:5)
  A dart slug (D:1)
  An orc (D:6)
  A bat (D:1)
  A giant cockroach (D:3)
  2 hobgoblins
  3 jackals (D:1)
  2 kobolds
  A ball python (D:2)
  A frilled lizard (D:4)
  A quokka skeleton (D:4)
  A rat (D:3)
29 creatures vanquished.

Notes
Turn   | Place    | Note
-------+----------+-------------------------------------------
     0 | D:1      | EnegeticOcto the Deep Dwarf Fighter began the quest for the
                  | Orb.
     0 | D:1      | Reached XP level 1. HP: 20/20 MP: 1/1
   127 | D:1      | Reached skill level 3 in Axes
   127 | D:1      | Reached XP level 2. HP: 27/27 MP: 2/2
   389 | D:4      | Found a snail-covered altar of Cheibriados.
   414 | D:4      | Reached skill level 4 in Axes
   414 | D:4      | Reached XP level 3. HP: 28/33 MP: 3/3
   460 | D:5      | Entered Level 5 of the Dungeon
   475 | D:5      | Noticed a centaur
   475 | D:5      | Noticed a scorpion
   491 | D:5      | Killed a centaur
   491 | D:5      | Reached skill level 5 in Axes
   491 | D:5      | Reached XP level 4. HP: 18/40 MP: 2/2
   491 | D:5      | Reached XP level 5. HP: 21/46 MP: 3/3
   497 | D:5      | Reached skill level 6 in Axes
   506 | D:5      | Noticed an ogre
   516 | D:5      | Killed an ogre
   516 | D:5      | Reached skill level 7 in Axes
   516 | D:5      | Reached XP level 6. HP: 43/55 MP: 2/2
   531 | D:5      | Found a staircase to the Ecumenical Temple.
   536 | Temple   | Entered the Ecumenical Temple
   558 | Temple   | Became a worshipper of Ru the Awakened
   597 | D:5      | Found a sand-covered staircase.
   604 | Ossuary  | Entered an ossuary
   650 | Ossuary  | Noticed a wraith
   650 | Ossuary  | Noticed a flying skull
   659 | Ossuary  | Noticed a flying skull
   693 | Ossuary  | Noticed a wraith
   803 | Ossuary  | Killed a wraith
   803 | Ossuary  | Reached skill level 1 in Spellcasting
   849 | D:6      | Noticed a soldier ant
   864 | D:6      | Killed a soldier ant
   864 | D:6      | Reached XP level 7. HP: 26/62 MP: 2/4
   905 | D:6      | Reached skill level 8 in Axes
   924 | D:6      | Noticed a hornet
   926 | D:6      | Paralysed by a hornet for 1 turns
   936 | D:6      | Slain by a hornet

Illustrated notes

Levels and vault maps discovered:
D:1:      wheals_arrival_linesprint, layout_loops_ring
D:2:      layout_loops_ring
D:3:      layout_basic, nicolae_overflow_hidden_temple, old_standard_altar
D:4:      layout_basic, lemuel_crystal_altar, corexii_item_surrounded_by_moat,
          minmay_misc_feat_diagonals
D:5:      layout_layer_cave, minmay_temple_entry_arrows, enter_ossuary_3,
          yredelemnul_altar_generic
D:6:      minmay_opposing_rooms, layout_loops_corners, eino_tiny_chamber,
          grunt_qazlal_sundering
Temple:   eino_narrow_crystal_temple

Skill      XL: |  1  2  3  4  5  6  7 |
---------------+----------------------+-----
Axes           | 3 4 5 7 8 |  8.4
Fighting       | 3 |  3.7
Spellcasting   | 1 2 |  2.1
Armour         | |  3.2
Shields        | |  3.2

Action                   |  1- 3 |  4- 6 |  7- 9 || total
-------------------------+-------+-------+-------++-------
Melee: War axe           |    61 |    75 |    40 ||   176
 Abil: Heal Wounds       |     3 |    10 |     3 ||    16
Evoke: Wand              |       |     2 |       ||     2
  Use: Scroll            |     2 |       |       ||     2
Armor: Scale mail        |    33 |    27 |    35 ||    95
Dodge: Dodged            |    50 |    29 |    20 ||    99
Block: Kite shield       |    50 |    40 |    29 ||   119

Table legend: (Time is in decaauts)
 A = Elapsed time spent in this place.
 B = Non-inter-level travel time spent in this place.
 C = Inter-level travel time spent in this place.
 D = Time resting spent in this place.
 E = Time spent auto-exploring this place.
 F = Levels seen in this place.
 G = Mean time per level.
                   A        B        C        D        E       F      G
               +--------+--------+--------+--------+--------+-----+--------+
         Total |   1074 |   1056 |     18 |      0 |      0 |   8 |  134.2 |
       Dungeon |    777 |    773 |      4 |      0 |      0 |   6 |  129.5 |
        Temple |     37 |     23 |     14 |      0 |      0 |   1 |   37.0 |
       Ossuary |    259 |    259 |      0 |      0 |      0 |   1 |  259.0 |
               +--------+--------+--------+--------+--------+-----+--------+

Top non-repeatable levels by time:
 Ossuary: 259 daAuts
     D:4: 185 daAuts
     D:5: 164 daAuts
     D:1: 137 daAuts
     D:6: 127 daAuts
     D:2: 87 daAuts
     D:3: 75 daAuts
  Temple: 37 daAuts
